 Dungeon Crawl Stone Soup version 0.18-a0-1243-g9e52518 (webtiles) character file.

18137 kae the Severer (level 12, -10/101 HPs)
             Began as a Hill Orc Fighter on Feb 6, 2016.
             Was a Believer of Qazlal.
             Mangled by a blink frog (12 damage)
             ... on level 3 of the Lair of Beasts.
             The game lasted 00:25:05 (11934 turns).

kae the Severer (Hill Orc Fighter)                 Turns: 11934, Time: 00:25:05

Health: -10/101    AC: 11    Str: 21    XL:     12   Next: 55%
Magic:  21/22      EV:  9    Int: 12    God:    Qazlal [**....]
Gold:   490        SH:  2    Dex: 13    Spells: 0 memorised, 11 levels left

rFire  . . .     SeeInvis .     M - +0 battleaxe
rCold  + . .     Gourm    .     F - +0 scale mail "Echuv" {rC+ Regen+ Int+4} (curse)
rNeg   . . .     Faith    .     (shield currently unavailable)
rPois  .         Spirit   .     g - +1 hat
rElec  .         Dismiss  .     r - +0 cloak
rCorr  +         Reflect  .     i - +1 pair of gloves
SustAt .         Harm     .     (no boots)
MR     +....                    e - amulet of magic regeneration
Stlth  ..........               Q - ring of protection from magic
                                j - ring of resist corrosion

@: lethally poisoned (-10 -> -11), hasted, very quick, somewhat resistant to
hostile enchantments, extremely unstealthy
A: no striking features
a: Upheaval, Renounce Religion


You were on level 3 of the Lair of Beasts.
You worshipped Qazlal.
Qazlal was pleased with you.
You were not hungry.

You visited 3 branches of the dungeon, and saw 12 of its levels.

You collected 527 gold pieces.
You spent 37 gold pieces at shops.

Inventory:

Hand Weapons
 a - a +1 war axe
 M - a +0 battleaxe (weapon)
Armour
 b - a +0 scale mail
 c - a +0 shield
 g - a +1 hat (worn)
 i - a +1 pair of gloves (worn)
 r - a +0 cloak (worn)
 F - the cursed +0 scale mail "Echuv" (worn) {rC+ Regen+ Int+4}
   (You found it on level 6 of the Dungeon)

   It affects your intelligence (+4).
   It protects you from cold.
   It increases your rate of regeneration.
   It has a curse placed upon it.
Rods
 P - a -1 rod of clouds (14/14)
   (You found it on level 2 of the Lair of Beasts)
Jewellery
 e - an amulet of magic regeneration (around neck)
 j - a ring of resist corrosion (left hand)
 Q - a ring of protection from magic (right hand)
Wands
 p - a wand of slowing (42/48)
 t - a wand of paralysis (17/24)
 u - a wand of flame (15/48)
 w - a wand of random effects (27/48)
 D - a wand of lightning (7/15)
 E - a wand of acid (4/15)
 L - a wand of flame (3/48)
Scrolls
 o - a scroll of holy word
 y - 6 scrolls of remove curse
 z - 2 scrolls of enchant weapon
 A - a scroll of amnesia
 K - a scroll of teleportation
 N - 2 scrolls of magic mapping
 O - a scroll of enchant armour
Potions
 d - 4 potions of might
 l - 3 potions of resistance
 m - 4 potions of haste
 n - 3 potions of cure mutation
 q - 2 potions of curing
 v - 2 potions of mutation
 C - 3 potions of flight
 G - a potion of beneficial mutation {unknown}
 H - 2 potions of berserk rage {unknown}
 J - a potion of cancellation {unknown}
Books
 s - a book of the Earth

   Spells                             Type                      Level
   a - Leda's Liquefaction            Hexes/Earth                  4
   b - Bolt of Magma                  Conjuration/Fire/Earth       5
   c - Statue Form                    Transmutation/Earth          6
   d - Iron Shot                      Conjuration/Earth            6
   e - Shatter                        Earth                        9
 I - a book of Ice

   Spells                             Type                      Level
   a - Ice Form                       Ice/Transmutation            4
   b - Metabolic Englaciation         Hexes/Ice                    5
   c - Ozocubu's Refrigeration        Ice                          6
   d - Bolt of Cold                   Conjuration/Ice              6
   e - Freezing Cloud                 Conjuration/Ice/Air          6
   f - Simulacrum                     Ice/Necromancy               6
Comestibles
 f - 6 bread rations
 h - 8 beef jerkies
 k - 10 meat rations
 x - a chunk of flesh
 B - 3 slices of pizza


   Skills:
 - Level 8.0 Fighting
 + Level 19.3 Axes
 - Level 3.2 Armour
 - Level 3.2 Shields
 + Level 13.4 Invocations


You had 11 spell levels left.
You didn't know any spells.

Dungeon Overview and Level Annotations

Branches:
Dungeon (8/15)             Temple (1/1) D:6            Lair (3/8) D:8
  Swamp: Lair:3-6    Shoals: Lair:3-6     Snake: Lair:3-6    Spider: Lair:3-6

Altars:
Ashenzari
Cheibriados
Dithmenos
Elyvilon
Fedhas
Gozag
Kikubaaqudgha
Makhleb
Nemelex Xobeh
Okawaru
Pakellas
Qazlal
Ru
Sif Muna
Trog
Vehumet
Xom
Zin
The Shining One

Shops:
D:7 }!*


Message History

The spiny frog is almost dead.
The spiny frog stings you!
* * * LOW HITPOINT WARNING * * *
You are poisoned.
The spiny frog poisons you!
You slash the spiny frog!
You kill the spiny frog!
Qazlal accepts your kill.
You slice the blink frog!!
The blink frog is severely wounded.
You feel sick. The blink frog hits you!
* * * LOW HITPOINT WARNING * * *
The blink frog hits you.
* * * LOW HITPOINT WARNING * * *
The blink frog blinks!
Drink which item? (? for menu, Esc to quit)
You feel yourself speed up.
* * * LOW HITPOINT WARNING * * *
You feel sick. The blink frog hits you!
You die...

.......###...........##.#......##
........##...........####.......#
........#...........## #......#.
.......'.......(....# #........
.........#..........# #........
.....÷÷#......§.....# #......##
#####'##............# #.#...P#
#P...#####P#..###.## ####...#
###.#...# ###..§@### ###..####
.......######...#F### ###......#.
.[....####........#.# #.......##.
......# #........#.#####.....##..
......# #.............##..<.##...
......####......F#....##.####..♣.
.......###........#P.##.♣.##.....
........#.........###......#.....
.........#.......## ##♣.<..+.♣.>.


You could see a blink frog.

Vanquished Creatures
  The ghost of skk the Cleaver, a journeyman MiGl of Okawaru (Lair:3)
  A hydra (Lair:2)
  Sonja (Lair:3)
  The ghost of asdu the Covert, a novice SpCK of Xom (Lair:2)
  An oklob plant (Lair:3)
  2 black mambas
  4 komodo dragons
  3 spiny frogs
  2 fire drakes (Lair:3)
  14 blink frogs
  Grinder (D:4)
  Sigmund (D:6)
  10 yaks
  Eustachio (D:6)
  2 basilisks
  4 wolves (Lair:3)
  3 hippogriffs (Lair:1)
  Menkaure (D:7)
  Duvessa (D:4)
  3 water moccasins
  6 porcupines
  2 ice beasts
  5 orc warriors
  A sky beast (D:7)
  2 black bears
  A necrophage (D:8)
  5 ogres
  3 centaurs
  8 crocodiles
  A big kobold (D:8)
  5 giant frogs
  A wyvern skeleton (D:6)
  Dowan (D:4)
  2 scorpions
  3 killer bees (D:7)
  4 wights (D:7)
  3 crimson imps
  A giant frog zombie (D:5)
  A centaur skeleton (D:4)
  4 hounds
  Crazy Yiuf (D:6)
  7 orc priests
  A jelly (D:7)
  20 orc wizards
  Jessica (D:2)
  Ijyb (D:3)
  2 hell rats (D:8)
  6 iguanas
  Natasha (thrice) (D:3)
  5 worker ants
  A killer bee zombie (D:7)
  17 sheep
  3 hound zombies
  2 worker ant zombies
  Robin (D:4)
  10 adders
  17 river rats
  2 shadow imps
  An ooze (D:3)
  2 adder skeletons
  3 worms
  6 giant geckos
  30 orcs
  5 giant cockroaches
  19 goblins
  12 hobgoblins
  4 jackals
  6 quokkas
  3 ball pythons
  A ball python skeleton (D:5)
  5 bats
  A giant gecko skeleton (D:4)
  6 giant newts
  7 kobolds
  14 rats
  A bush (Lair:1)
  3 fungi
  2 plants
347 creatures vanquished.

Vanquished Creatures (others)
  A human (D:8)
  2 jackals (D:1)
  A bat (D:1)
  5 fungi
  A plant (Lair:3)
10 creatures vanquished.

Grand Total: 357 creatures vanquished

Notes
Turn   | Place    | Note
--------------------------------------------------------------
     0 | D:1      | kae the Hill Orc Fighter began the quest for the Orb.
     0 | D:1      | Reached XP level 1. HP: 19/19 MP: 1/1
    64 | D:1      | Reached XP level 2. HP: 23/26 MP: 2/2
   129 | D:1      | Reached skill level 4 in Axes
   379 | D:1      | Reached XP level 3. HP: 27/31 MP: 3/3
   649 | D:2      | Found a faded altar to an unknown god.
   682 | D:2      | Found a glowing golden altar of the Shining One.
   684 | D:2      | Found a sparkling altar of Nemelex Xobeh.
   763 | D:2      | Noticed Jessica
   772 | D:2      | Killed Jessica
   772 | D:2      | Reached skill level 5 in Axes
   772 | D:2      | Reached XP level 4. HP: 27/39 MP: 4/4
  1038 | D:2      | Found a burning altar of Makhleb.
  1056 | D:2      | Reached skill level 6 in Axes
  1114 | D:2      | Found a deep blue altar of Sif Muna.
  1282 | D:3      | Found an iron altar of Okawaru.
  1357 | D:3      | Reached XP level 5. HP: 43/45 MP: 5/5
  1390 | D:3      | Reached skill level 7 in Axes
  1813 | D:3      | Noticed Natasha
  1818 | D:3      | Killed Natasha
  1818 | D:3      | Reached skill level 8 in Axes
  1818 | D:3      | Reached XP level 6. HP: 51/51 MP: 6/6
  1833 | D:3      | Noticed Ijyb
  1846 | D:3      | Killed Ijyb
  1961 | D:3      | Found an iron altar of Okawaru.
  2018 | D:3      | Noticed Natasha
  2031 | D:3      | Killed Natasha
  2269 | D:3      | Found an iron altar of Okawaru.
  2404 | D:3      | Noticed Natasha
  2423 | D:3      | Killed Natasha
  2796 | D:4      | Noticed Grinder
  2796 | D:4      | Paralysed by Grinder for 5 turns
  2804 | D:4      | Paralysed by Grinder for 2 turns
  2813 | D:4      | Paralysed by Grinder for 6 turns
  2820 | D:4      | Killed Grinder
  2820 | D:4      | Reached skill level 9 in Axes
  2820 | D:4      | Reached XP level 7. HP: 39/57 MP: 7/7
  2937 | D:4      | Reached skill level 10 in Axes
  3318 | D:4      | Found a bloodstained altar of Trog.
  3341 | D:4      | Reached skill level 11 in Axes
  3415 | D:4      | Noticed Dowan
  3419 | D:4      | Noticed Duvessa
  3432 | D:4      | Killed Duvessa
  3432 | D:4      | Reached XP level 8. HP: 33/64 MP: 8/8
  3444 | D:4      | Killed Dowan
  3478 | D:4      | Noticed Robin
  3482 | D:4      | Killed Robin
  3697 | D:4      | Reached skill level 12 in Axes
  3902 | D:5      | Entered Level 5 of the Dungeon
  4195 | D:5      | Reached skill level 13 in Axes
  5159 | D:6      | Found an opulent altar of Gozag.
  5159 | D:6      | Found a sacrificial altar of Ru.
  5402 | D:6      | Reached XP level 9. HP: 70/70 MP: 9/9
  5413 | D:6      | Noticed Eustachio
  5438 | D:6      | Killed Eustachio
  5438 | D:6      | Reached skill level 14 in Axes
  5461 | D:6      | Noticed Crazy Yiuf
  5473 | D:6      | Killed Crazy Yiuf
  5625 | D:6      | Found a shadowy altar of Dithmenos.
  5670 | D:6      | Got a slimy scale mail
  5932 | D:6      | Identified the cursed +0 scale mail "Echuv" {rC+ Regen+ Int+4} (You found it on level 6 of the Dungeon)
  5967 | D:6      | Found an oddly glowing altar of Pakellas.
  6050 | D:6      | Found a staircase to the Ecumenical Temple.
  6061 | Temple   | Entered the Ecumenical Temple
  6069 | Temple   | Became a worshipper of Qazlal Stormbringer
  6112 | D:6      | Noticed Sigmund
  6119 | D:6      | Killed Sigmund
  6119 | D:6      | Reached skill level 15 in Axes
  6302 | D:7      | Found Lyptat's Gadget Shoppe.
  6333 | D:7      | Found Munom's General Store.
  6340 | D:7      | Bought a scroll of identify for 24 gold pieces
  6341 | D:7      | Found a shimmering altar of Xom.
  6345 | D:7      | Noticed Menkaure
  6353 | D:7      | Killed Menkaure
  6410 | D:7      | Found Suddudgh's Distillery.
  6417 | D:7      | Bought a potion of poison for 13 gold pieces
  6423 | D:7      | Found an ancient bone altar of Kikubaaqudgha.
  6469 | D:7      | Reached skill level 16 in Axes
  6602 | D:7      | Found a glowing silver altar of Zin.
  6707 | D:7      | Found a shattered altar of Ashenzari.
  6788 | D:7      | Reached * piety under Qazlal
  6803 | D:7      | Reached XP level 10. HP: 57/77 MP: 10/10
  6856 | D:7      | Reached skill level 5 in Fighting
  7195 | D:8      | Found an ancient bone altar of Kikubaaqudgha.
  7258 | D:8      | Reached ** piety under Qazlal
  7322 | D:8      | Found a staircase to the Lair.
  7529 | D:8      | Reached skill level 1 in Invocations
  7856 | Lair:1   | Entered Level 1 of the Lair of Beasts
  8115 | Lair:1   | Reached skill level 5 in Invocations
  8646 | Lair:1   | Reached skill level 17 in Axes
  8646 | Lair:1   | Reached XP level 11. HP: 56/94 MP: 15/17
  8907 | Lair:1   | Reached *** piety under Qazlal
  9202 | Lair:2   | Noticed asdu's ghost (novice SpCK)
  9217 | Lair:2   | Killed asdu's ghost
  9496 | Lair:2   | Noticed a six-headed hydra
  9500 | Lair:2   | Killed a six-headed hydra
  9500 | Lair:2   | Reached skill level 10 in Invocations
 10210 | Lair:2   | Reached skill level 18 in Axes
 10656 | Lair:3   | Noticed Sonja
 10656 | Lair:3   | Killed Sonja
 10656 | Lair:3   | Reached XP level 12. HP: 101/101 MP: 20/20
 11092 | Lair:3   | HP: 3/101 [spiny frog (18)]
 11093 | Lair:3   | HP: 1/101 [spiny frog (3)]
 11212 | Lair:3   | Reached skill level 19 in Axes
 11446 | Lair:3   | Noticed skk's ghost (journeyman MiGl)
 11510 | Lair:3   | Killed skk's ghost
 11933 | Lair:3   | HP: 3/101 [blink frog (9)]
 11934 | Lair:3   | Mangled by a blink frog

Vault maps used:
D:1:      lightli_molten_gateway, lemuel_old_faithful
D:2:      tso_metal_star, lemuel_blue_sif_altar, nemelex_deck,
          makhleb_blood_cavern_becter, ecumenical_altar_1,
          minmay_misc_feat_hallway, kennysheep_jessica_study, uniq_jessica
D:3:      okawaru_metal_pillars_1_2, uniq_iyjb, uniq_natasha
D:4:      old_standard_altar, portal_sewer_entry_e, minmay_misc_feat_rows,
          uniq_robin, uniq_grinder, uniq_duvessa
D:5:      first_bread
D:6:      lemuel_coloured_pillars_altar, nicolae_overflow_crystal_walls,
          grunt_temple_overflow_open, minmay_temple_entry_glass,
          nrook_mini_backslash, minmay_misc_feat_rugged, uniq_sigmund,
          uniq_crazy_yiuf_cottage, uniq_eustachio
D:7:      kennysheep_mini_moat, lemuel_doored_altar, serial_shops,
          nicolae_shop_trees, shop, shop, basic_altar, xom_teletrap_fun,
          uniq_menkaure
D:8:      dpeg_lair_monsters, grunt_ogre_cave, grunt_ministairs_4,
          tgw_kikubaaqudgha
Temple:   nicolae_temple_no_exploring_needed
Lair:1:   st_stairs_3, nicolae_quartered_pool_super
Lair:3:   grunt_megastairs_3, infiniplex_staircase_pool_2, uniq_sonja

Action                   |  1- 3 |  4- 6 |  7- 9 | 10-12 || total
-------------------------+-------+-------+-------+-------++-------
Melee: War axe           |   111 |   138 |   470 |   147 ||   866
       Battleaxe         |       |       |       |   460 ||   460
Invok: Upheaval          |       |       |       |    14 ||    14
Evoke: Wand              |       |     1 |     2 |     3 ||     6
  Use: Scroll            |     1 |     9 |     3 |     6 ||    19
       Potion            |       |       |       |     6 ||     6
  Eat: Chunk             |       |     6 |    14 |    16 ||    36
       Fruit             |       |       |       |     1 ||     1
